 Dungeon Crawl Stone Soup version 0.19.0 (webtiles) character file.

6708 TheGoonsmith the Severer (level 11, -7/97 HPs)
             Began as a Hill Orc Gladiator on Nov 14, 2016.
             Was a Priest of Beogh.
             Mangled by a komodo dragon (25 damage)
             ... on level 1 of the Lair of Beasts.
             The game lasted 00:14:56 (10266 turns).

TheGoonsmith the Severer (Hill Orc Gladiator)      Turns: 10266, Time: 00:14:57

Health: -7/97      AC: 17    Str: 21    XL:     11   Next: 3%
Magic:  16/16      EV: 11    Int:  8    God:    Beogh [***...]
Gold:   456        SH:  0    Dex: 12    Spells: 0 memorised, 10 levels left

rFire  . . .     SeeInvis +     a - +0 war axe
rCold  . . .     Gourm    +     B - +0 chain mail
rNeg   . . .     Faith    .     (no shield)
rPois  .         Spirit   .     w - +2 helmet
rElec  .         Reflect  .     q - +0 cloak
rCorr  .         Harm     .     M - +2 pair of gloves
MR     .....                    (no boots)
Stlth  ..........               y - amulet of the gourmand
                                t - +2 ring of evasion
                                f - ring of see invisible

@: no status effects
A: no striking features
a: Smiting, Renounce Religion


You were on level 1 of the Lair of Beasts.
You worshipped Beogh.
Beogh was most pleased with you.
You were full.

You visited 2 branches of the dungeon, and saw 11 of its levels.

You collected 456 gold pieces.

Inventory:

Hand Weapons
 a - a +0 war axe (weapon)
Missiles
 d - 5 throwing nets (quivered)
 s - 8 tomahawks
Armour
 b - a +0 leather armour
 c - a +0 helmet
 q - a +0 cloak (worn)
 w - a +2 helmet (worn)
 B - a +0 chain mail (worn)
 M - a +2 pair of gloves (worn)
Jewellery
 f - a ring of see invisible (left hand)
 t - a +2 ring of evasion (right hand)
 y - an amulet of the gourmand (around neck)
Wands
 x - a wand of polymorph (2/24)
 A - a wand of iceblast (0/15)
 D - a wand of flame (14/48)
 G - a wand of flame (20/48)
 I - a wand of flame (17/48)
Scrolls
 e - a scroll of fog {unknown}
 i - 3 scrolls of remove curse
 l - 3 scrolls of enchant armour {unknown}
 m - 2 scrolls of teleportation
 o - 2 scrolls of amnesia {unknown}
 p - a scroll of fear
 r - 4 scrolls of identify
 z - 2 scrolls of enchant weapon {unknown}
 F - a scroll of holy word {unknown}
Potions
 h - 3 potions of curing
 k - 2 potions of lignification
 u - 6 potions of flight {unknown}
 v - a potion of brilliance
 J - a potion of ambrosia {unknown}
 K - 2 potions of degeneration {unknown}
Books
 E - a book of Changes

   Spells                             Type                      Level
   a - Beastly Appendage              Transmutation                1
   b - Sticks to Snakes               Transmutation                2
   c - Spider Form                    Transmutation/Poison         3
   d - Ice Form                       Ice/Transmutation            4
   e - Blade Hands                    Transmutation                5
 L - a book of Cantrips

   Spells                             Type                      Level
   a - Confusing Touch                Hexes                        1
   b - Animate Skeleton               Necromancy                   1
   c - Summon Small Mammal            Summoning                    1
   d - Apportation                    Translocation                1
Comestibles
 g - 4 meat rations
 j - 2 beef jerkies
 n - a slice of pizza
 C - a bread ration
 H - 24 fruits


   Skills:
 + Level 9.3 Fighting
 - Level 16.0 Axes
 - Level 1.7 Throwing
 - Level 5.1 Armour
 - Level 2.4 Dodging
 * Level 6.8 Invocations


You had 10 spell levels left.
You didn't know any spells.

Dungeon Overview and Level Annotations

Branches:
Dungeon (10/15)            Temple (0/1) D:7            Lair (1/6) D:8
    Orc: D:9-12

Altars:
Cheibriados
Elyvilon
Fedhas
Qazlal
Trog
Uskayaw
Vehumet
Zin

Shops:
D:8 :   D:9 %

Annotations:
D:4 Softman25's ghost, amateur MiFi


Message History

The bullfrog barely misses you.
You closely miss the bullfrog.
The bullfrog is almost dead.
The bullfrog hits you.
* * * LOW HITPOINT WARNING * * *
You closely miss the bullfrog.
The bullfrog is almost dead.
The bullfrog barely misses you.
You slash the bullfrog!
You kill the bullfrog!
Beogh accepts your kill.
You hit the komodo dragon.
The komodo dragon is lightly wounded.
The komodo dragon bites you!
* * * LOW HITPOINT WARNING * * *
You hit the komodo dragon but do no damage.
The komodo dragon is lightly wounded.
The komodo dragon barely misses you.
You feel better. The komodo dragon bites you!!
You die...

>.⌠...
.........##
..)#..
..##.####.## ⌠.#.
. .. ## ##..#
.##.. .. #..##
##. ##.## .. #..#
#. ####..#
##P.##.####.##.##
.......tl@.....#
.......#######.#
....... #.#
....... #.#
....... #.#
....... #..
....... ...
....... .#


You could see a komodo dragon and a crocodile.

Vanquished Creatures
  A hill giant (D:7)
  2 spiny frogs (Lair:1)
  A rime drake (Lair:1)
  A hippogriff (Lair:1)
  Sigmund (D:3)
  6 yaks (D:8)
  3 steam dragons
  3 wargs (D:8)
  A porcupine (Lair:1)
  2 water moccasins (Lair:1)
  An orc warrior (D:7)
  2 black bears
  An ice beast (D:4)
  2 sky beasts
  2 ogres
  A centaur (D:5)
  5 wolves (Lair:1)
  6 bullfrogs
  2 big kobolds (D:9)
  A scorpion (D:5)
  3 killer bees (D:9)
  6 howler monkeys
  2 crimson imps
  A bullfrog zombie (D:6)
  A quasit (D:7)
  3 hounds
  A centaur skeleton (D:8)
  2 orc priests
  Jessica (D:3)
  3 iguanas
  6 orc wizards
  7 worker ants
  A hound skeleton (D:6)
  A howler monkey zombie (D:8)
  A worker ant zombie (D:6)
  Robin (D:3)
  11 adders
  4 gnolls (D:2)
  3 shadow imps
  A worm (D:2)
  2 dart slugs
  7 leopard geckos
  28 orcs
  6 giant cockroaches
  16 goblins
  6 hobgoblins
  9 jackals
  4 quokkas
  2 ball pythons
  9 bats
  2 frilled lizards (D:3)
  9 kobolds
  6 rats
  A fungus (D:8)
210 creatures vanquished.

Vanquished Creatures (others)
  A worker ant (D:4)
  A leopard gecko (D:4)
  A fungus (D:8)
  A plant (Lair:1)
4 creatures vanquished.

Grand Total: 214 creatures vanquished

Notes
Turn   | Place    | Note
-------+----------+-------------------------------------------
     0 | D:1      | TheGoonsmith the Hill Orc Gladiator began the quest for the Orb.
     0 | D:1      | Reached XP level 1. HP: 18/18 MP: 1/1
   373 | D:1      | Reached XP level 2. HP: 17/25 MP: 2/2
   818 | D:2      | Reached skill level 5 in Axes
   913 | D:2      | Reached XP level 3. HP: 25/30 MP: 3/3
  1329 | D:2      | Reached XP level 4. HP: 38/38 MP: 4/4
  1338 | D:2      | Reached skill level 6 in Axes
  1839 | D:3      | Found a snail-covered altar of Cheibriados.
  1842 | D:3      | Found a stormy altar of Qazlal.
  1842 | D:3      | Found a blossoming altar of Fedhas.
  1848 | D:3      | Found a glowing silver altar of Zin.
  1850 | D:3      | Noticed Robin
  1858 | D:3      | Killed Robin
  1858 | D:3      | Reached XP level 5. HP: 41/46 MP: 5/5
  1902 | D:3      | Noticed Sigmund
  1932 | D:3      | Killed Sigmund
  1932 | D:3      | Reached skill level 7 in Axes
  1932 | D:3      | Reached XP level 6. HP: 15/53 MP: 6/6
  2341 | D:3      | Noticed Jessica
  2347 | D:3      | Killed Jessica
  2347 | D:3      | Reached skill level 8 in Axes
  2559 | D:3      | Reached skill level 5 in Fighting
  2847 | D:4      | Became a worshipper of Beogh the Brigand
  2978 | D:4      | Noticed an ice beast
  2983 | D:4      | Killed an ice beast
  2983 | D:4      | Reached XP level 7. HP: 34/61 MP: 7/7
  3159 | D:4      | Noticed Softman25's ghost (amateur MiFi)
  3169 | D:5      | Entered Level 5 of the Dungeon
  3175 | D:5      | Reached skill level 9 in Axes
  3969 | D:5      | Found a bloodstained altar of Trog.
  4217 | D:6      | Reached skill level 10 in Axes
  4251 | D:6      | Reached XP level 8. HP: 38/71 MP: 8/8
  4865 | D:6      | Reached skill level 11 in Axes
  5092 | D:7      | Found a staircase to the Ecumenical Temple.
  5094 | D:7      | Reached * piety under Beogh
  5451 | D:7      | Noticed a hill giant
  5455 | D:7      | Reached skill level 12 in Axes
  5468 | D:7      | Found a hide-covered altar of Uskayaw.
  5468 | D:7      | Found a radiant altar of Vehumet.
  5795 | D:7      | Found a white marble altar of Elyvilon.
  6025 | D:7      | Reached XP level 9. HP: 81/81 MP: 9/9
  6657 | D:7      | Killed a hill giant
  6657 | D:7      | Reached skill level 13 in Axes
  7133 | D:8      | Found a staircase to the Lair.
  7140 | D:8      | Reached ** piety under Beogh
  7372 | D:8      | Reached skill level 14 in Axes
  7406 | D:8      | Reached XP level 10. HP: 20/88 MP: 10/10
  7422 | D:8      | Reached skill level 5 in Armour
  7851 | D:8      | Found Guiloo Uxof's Book Boutique.
  8385 | D:8      | Reached skill level 15 in Axes
  9416 | D:9      | Found Tacvaimi's Food Boutique.
  9607 | D:10     | Entered Level 10 of the Dungeon
  9656 | Lair:1   | Entered Level 1 of the Lair of Beasts
  9666 | Lair:1   | Reached skill level 16 in Axes
  9758 | Lair:1   | Noticed a spiny frog
  9764 | Lair:1   | Killed a spiny frog
  9764 | Lair:1   | Reached *** piety under Beogh
  9785 | Lair:1   | Noticed a spiny frog
  9797 | Lair:1   | Killed a spiny frog
 10179 | Lair:1   | Reached skill level 5 in Invocations
 10218 | Lair:1   | Reached XP level 11. HP: 35/97 MP: 15/15
 10266 | Lair:1   | Mangled by a komodo dragon

Skill      XL: |  1  2  3  4  5  6  7  8  9 10 |
---------------+-------------------------------+-----
Axes           | 5 6 7 8 10 12 14 16 | 16.0
Fighting       | 3 4 5 6 7 8 9 |  9.3
Armour         | 4 5 |  5.1
Invocations    | 6 |  6.8
Throwing       | |  1.7
Dodging        | |  2.4

Action                   |  1- 3 |  4- 6 |  7- 9 | 10-12 || total
-------------------------+-------+-------+-------+-------++-------
Melee: War axe           |    77 |   169 |   342 |   232 ||   820
Invok: Convert to Beogh  |       |     1 |       |       ||     1
Evoke: Wand              |       |       |     2 |       ||     2
  Use: Potion            |       |     4 |     2 |     1 ||     7
       Scroll            |       |     6 |     6 |       ||    12
 Stab: Distracted        |       |     1 |       |       ||     1
       Sleeping          |       |     1 |       |       ||     1
  Eat: Chunk             |     1 |     6 |     6 |    12 ||    25
       Bread ration      |       |       |     2 |       ||     2
       Royal jelly       |       |       |       |     1 ||     1
Armor: Leather armour    |    33 |    67 |    71 |       ||   171
       Chain mail        |       |       |    40 |   111 ||   151
Dodge: Dodged            |    67 |   135 |   209 |   126 ||   537
